 Dungeon Crawl Stone Soup version 0.29.0-4-gdea44cf6ec (webtiles) character file.

Game seed: 8820393005424450598

4 qw the Chopper (level 1, -4/12 HPs)
             Began as a Tengu Warper on Aug 28, 2022.
             Slain by a gnoll
             ... wielding a +0 flail
              (8 damage)
             ... on level 1 of the Dungeon.
             The game lasted 00:00:02 (437 turns).

qw the Chopper (Tengu Warper)                        Turns: 437, Time: 00:00:02

Health: -4/12      AC:  3    Str: 11    XL:     1   Next: 70%
Magic:  4/4        EV: 11    Int: 13    God:
Gold:   31         SH:  0    Dex: 13    Spells: 4/4 levels left

rFire   . . .      SeeInvis .   a - +0 hand axe
rCold   . . .      Faith    .   (no shield)
rNeg    . . .      Spirit   .   b - +0 leather armour
rPois   .          Reflect  .   (helmet restricted)
rElec   .          Harm     .   (no cloak)
rCorr   .          Rampage  .   (no gloves)
Will    .....                   (boots unavailable)
Stlth   +.........              (no amulet)
HPRegen 0.04/turn               (no ring)
MPRegen 0.09/turn               (no ring)

@: no status effects
A: beak, talons 3
a: no special abilities


You were on level 1 of the Dungeon.
You visited 1 branch of the dungeon, and saw 1 of its levels.

You collected 31 gold pieces.


Innate Abilities, Weirdness & Mutations

You have a beak for a mouth.
You have claws for feet.


   Skills:
 - Level 2.0 Fighting
 + Level 2.7 Axes
 - Level 1.0 Throwing
 - Level 1.1 Armour
 - Level 2.1 Dodging
 - Level 2.0 Spellcasting
 - Level 2.4 Translocations


You had 4 spell levels left.
You didn't know any spells.
Your spell library contained the following spells:

 Spells                   Type           Power      Damage    Failure   Level
 Blink                    Tloc           14%        N/A       19%         2
 Gell's Gravitas          Tloc           7%         N/A       36%         3
 Lesser Beckoning         Tloc           7%         N/A       36%         3
 Teleport Other           Tloc           7%         N/A       36%         3
 Manifold Assault         Tloc           7%         N/A       98%         5

Inventory:

Hand Weapons
 a - a +0 hand axe (weapon)
 g - a +0 mace
Armour
 b - a +0 leather armour (worn)
 f - a +0 hat of intelligence
Scrolls
 c - a scroll of blinking
 d - a scroll of magic mapping {unknown}
 e - a scroll of identify {unknown}
Potions
 h - a potion of mutation {unknown}
 i - 2 potions of might {unknown}

Dungeon Overview and Level Annotations

Branches:
Dungeon (1/15)

Altars:


Message History

You open the door.
There is an open door here.
Found 3 stones.
Found a +0 short sword.
You see here 3 stones.
You open the door.
There is an open door here.
Found a stone staircase leading down.
There is a stone staircase leading down here.
A ball python comes into view.
Enter note:
360 ||| Stepping ~*~*~tactically~*~*~ (stealth).
A ball python is nearby!
Throw: 2 boomerangs (disperse)
Press: ? - help, Q - select action Shift-Dir - straight line, f - ball python You throw a boomerang of dispersal.
The boomerang of dispersal closely misses the ball python.
The ball python hisses angrily.
Throw: boomerang (disperse)
Press: ? - help, Q - select action Shift-Dir - straight line, f/p - ball python You throw a boomerang of dispersal.
The boomerang of dispersal barely misses the ball python.
You hit the ball python.
You kill the ball python!
A rat comes into view.
You hit the rat.
You kill the rat!
d - a scroll labelled LEKHLO GEREKALU
Enter note: A gnoll comes into view. It is wielding a +0 flail.
Found a glowing dagger.
You barely miss the gnoll. You claw the gnoll.
The gnoll is lightly wounded.
The gnoll hits you with a +0 flail!
Ouch! That really hurt!
You hit the gnoll but do no damage.
The gnoll is lightly wounded.
The gnoll hits you with a +0 flail!
Ouch! That really hurt!
You die...

##...# #.#.# #.#
##...# #. #.#.#.#
#.# ##...# #.
#.#.#.####.# ###+##
#. #.#........# #)
#.#.#.###### #.
###.#.#.# #.
...#.#.#
#g####.###.######.#
#.@...............#
######.###.########
#.# #.# #.# #.# #.#
#.# #.# #.# #.# #.#
#.# #.#


You could see a gnoll.

Vanquished Creatures
  A goblin (D:1)
  2 ball pythons (D:1)
  A frilled lizard (D:1)
  A kobold (D:1)
  A rat (D:1)
6 creatures vanquished.

Notes
Turn   | Place    | Note
-------+----------+-------------------------------------------
     0 | D:1      | qw the Tengu Warper began the quest for the Orb.
     0 | D:1      | Reached XP level 1. HP: 12/12 MP: 4/4
     0 | D:1      | 0 ||| qw: Version: 0.1-a-89-g26bdef1
     0 | D:1      | 0 ||| qw: Game counter: 1683
     0 | D:1      | 0 ||| qw: Always use a shield: true
     0 | D:1      | 0 ||| qw: God list: Okawaru
     0 | D:1      | 0 ||| qw: Allow faded altars: false
     0 | D:1      | 0 ||| qw: Do Orc after D:15 true
     0 | D:1      | 0 ||| qw: Do second Lair branch before Depths: true
     0 | D:1      | 0 ||| qw: Lair rune preference: random
     0 | D:1      | 0 ||| qw: Plans: Normal
     0 | D:1      | 0 ||| PLANNING D:1-11
   264 | D:1      | 264 ||| DROPPING +0 club.
   360 | D:1      | 360 ||| Stepping ~*~*~tactically~*~*~ (stealth).
   437 | D:1      | Slain by a gnoll

Levels and vault maps discovered:
D:1:      eino_arrival_cavern_a, layout_basic,
          dreamdust_ecumenical_altar_hidden_monk_grotto

Action                   || total
-------------------------++-------
Melee: Hand axe          ||    13
       Kick              ||     4
Throw: Boomerang         ||     7
Armor: Leather armour    ||     3
Dodge: Dodged            ||     3

Table legend:
 A = Non-vault XP
 B = Vault XP
 C = Vault XP percentage of total XP
 D = Non-vault monster count
 E = Vault monster count
 F = Vault count percentage of total count
                 A         B        C        D         E       F
            +---------+---------+-------+---------+---------+-------
      Total |       7 |       0 |   0.0 |       6 |       0 |   0.0
            +---------+---------+-------+---------+---------+-------
        D:1 |       7 |       0 |   0.0 |       6 |       0 |   0.0
            +---------+---------+-------+---------+---------+-------
